 Dungeon Crawl Stone Soup version 0.30-a0-210-g01b79a254e (webtiles) character file.

Game seed: 2893801716715185719

84 Sobieck the Sneak (level 4, -3/26 HPs)
             Began as a Kobold Gladiator on Oct 4, 2022.
             Killed by divine providence
             ... invoked by an orc priest
              (15 damage)
             ... on level 3 of the Dungeon.
             The game lasted 00:03:48 (2397 turns).

Sobieck the Sneak (Kobold Gladiator)                Turns: 2397, Time: 00:03:49

Health: -3/26      AC:  5    Str: 11    XL:     4   Next: 74%
Magic:  4/4        EV: 15    Int:  9    God:
Gold:   98         SH:  0    Dex: 18    Spells: 3/3 levels left

rFire   . . .      SeeInvis .    a - +0 rapier {short}
rCold   . . .      Faith    .    (no shield)
rNeg    . . .      Spirit   .    b - +0 leather armour
rPois   .          Reflect  .    c - +0 helmet
rElec   .          Harm     .    (no cloak)
rCorr   .          Rampage  .    (no gloves)
Will    .....                    g - +0 pair of boots
Stlth   ++++......               (no amulet)
HPRegen 0.24/turn                (no ring)
MPRegen 0.09/turn                (no ring)

@: no status effects
A: small, no large weapons, nightstalker 3
a: no special abilities


You were on level 3 of the Dungeon.
You visited 1 branch of the dungeon, and saw 3 of its levels.

You collected 98 gold pieces.


Innate Abilities, Weirdness & Mutations

You are small and have problems with some larger weapons.
You are completely attuned to the shadows.


   Skills:
 - Level 2.1 Fighting
 + Level 4.8 Short Blades
 - Level 2.1 Throwing
 - Level 3.6 Dodging
 - Level 5.0 Stealth


You had 3 spell levels left.
You didn't know any spells.
Your spell library was empty.

Inventory:

Hand Weapons
 a - a +0 rapier (weapon) {short}
Missiles
 d - 3 throwing nets (quivered) {=f!fthrowing}
 e - 2 boomerangs {throwing}
 i - 24 stones {throwing}
 t - 3 poisoned darts {throwing}
Armour
 b - a +0 leather armour (worn)
 c - a +0 helmet (worn)
 g - a +0 pair of boots (worn)
   (You found it on level 1 of the Dungeon)
 l - a +0 ring mail
   (You found it on level 1 of the Dungeon)
 m - a +0 leather armour
   (You found it on level 1 of the Dungeon)
 n - a +0 scale mail
   (You found it on level 1 of the Dungeon)
 s - a +0 robe
   (You found it on level 2 of the Dungeon)
 w - a +0 ring mail
   (You found it on level 2 of the Dungeon)
 x - a +0 leather armour
   (You found it on level 3 of the Dungeon)
Scrolls
 f - 2 scrolls of noise {unknown}
 k - 2 scrolls of blinking {unknown}
 o - 3 scrolls of identify {unknown}
 q - a scroll of butterflies {unknown}
 u - a scroll of vulnerability {unknown}
Potions
 h - 2 potions of magic {unknown}
 j - a potion of attraction {unknown}
 p - 2 potions of invisibility {unknown}
 r - 2 potions of curing {unknown}
 v - a potion of degeneration {unknown}
 z - a potion of brilliance {unknown}

Dungeon Overview and Level Annotations

Branches:
Dungeon (3/15) Zot: 15602

Altars:

Shops:
D:2

[ ###.#........##.#
....####.###.##.####
#...# ##### #.#
#)......# #...##.
#.#
#.##.##.###...#.#.
#.#
#.##...............
#.##.....o.........
#.##.....o.........
#.#####o##......#.#
########
#....@o.##.........
#......#
##.#######......###
#.####.# #.#
#......#
#.####.######.#
#..#......
#.#.....).†...#
##...#.##.
#.#.##.########
#...#.# #....†.#
#### .. ###.####
....#


You could see an orc priest, an orc wizard (strong) and 2 orcs.


Message History

You hit the hobgoblin.
The hobgoblin hits you but does no damage.
You hit the hobgoblin.
You kill the hobgoblin!
No target in view!
A giant cockroach comes into view.
Danger!
You hit the giant cockroach.
The giant cockroach bites you but does no damage.
You hit the giant cockroach.
You kill the giant cockroach!
No target in view!
z - a smoky black potion Unknown command.
A ball python comes into view.
Danger!
A kobold comes into view. It is wielding a +0 short sword.
You barely miss the ball python. You punch the ball python.
The ball python closely misses you. The ball python barely misses you. x2
The ball python misses you.
You barely miss the ball python. The ball python closely misses you. x2
You hit the ball python.
You kill the ball python!
You see here a ball python corpse.
An adder comes into view.
The helpless kobold fails to defend itself.
You impale the kobold!!
You kill the kobold!
You see here a +0 short sword {short}.
The adder hisses angrily.
The adder bites you but does no damage.
You hit the adder. The adder closely misses you. The adder barely misses you.
You hit the adder. The adder closely misses you.
You hit the adder. The adder closely misses you.
You hit the adder.
You kill the adder!
No target in view!
No target in view!
No target in view!
You see here a +0 short sword {short}.
You see here a ball python corpse.
You see here a +0 short sword {short}.
You see here an adder corpse.
A bat comes into view.
The bat moves out of view.
Unknown command.
You now have 98 gold pieces (gained 11).
Danger!
You hit the bat. The bat hits you but does no damage. The bat misses you.
You barely miss the bat. The bat barely misses you.
The bat completely misses you.
You hit the bat.
You kill the bat!
No target in view!
No target in view!
Your movement speed is average.
Your attack delay is about 0.9.
Your damage rating with your +0 rapier {short} is about 9 (Base 7 x 120% (Dex) x 112% (Skill)).
Unknown command.
Unknown command.
You see here a bat corpse.
An orc comes into view. It is wielding a +0 whip.
Danger!
An orc wizard comes into view. It is wielding a +0 club.
The orc wizard shouts!
You hear a shout!
The orc shouts!
The orc barely misses you.
You hit the orc.
An orc comes into view. It is wielding a +0 club.
The orc closely misses you.
You barely miss the orc.
The orc wizard drinks a potion.
The orc wizard seems to grow stronger.
The orc hits you but does no damage.
An orc priest comes into view. It is wielding a +0 short sword.
The orc priest shouts!
You hit the orc. The orc hits you but does no damage.
You barely miss the orc. The orc wizard casts a spell at you.
The magic dart hits you. The orc hits you but does no damage.
Unknown command.
You closely miss the orc wizard. The orc wizard hits you with a +0 club!
The orc hits you with a +0 whip.
* * * LOW HITPOINT WARNING * * *
Unknown command.
You miss the orc wizard. The orc wizard barely misses you.
The orc hits you with a +0 whip.
* * * LOW HITPOINT WARNING * * *
Unknown command.
The orc misses you. The orc attacks as you move away!
The orc hits you but does no damage.
The orc wizard attacks as you move away!
The orc wizard misses you.
The orc wizard attacks as you move away!
The orc wizard closely misses you. The orc attacks as you move away!
The orc hits you but does no damage. The orc attacks as you move away!
The orc closely misses you.
The orc priest calls upon Beogh to heal something.
The orc priest mumbles some strange prayers to Beogh against you.
Beogh smites you!
Ouch! That really hurt!
You die...

Skill      XL: |  1  2  3  4 |
---------------+-------------+-----
Stealth        | 2 3 4 5 |  5.0
Fighting       | |  2.1
Short Blades   | |  4.8
Throwing       | |  2.1
Dodging        | |  3.6

Action                   |  1- 3 |  4- 6 || total
-------------------------+-------+-------++-------
Melee: Rapier            |    86 |    59 ||   145
       Punch             |     1 |     1 ||     2
 Stab: Sleeping          |    14 |     2 ||    16
       Distracted        |     1 |       ||     1
Armor: Leather armour    |    11 |    17 ||    28
Dodge: Dodged            |    59 |    51 ||   110

Levels and vault maps discovered:
D:1:      wheals_arrival_shading, layout_loops_corners,
          dilly_ecumenical_altar_fadedgnrine
D:2:      layout_loops_ring, serial_shops, nicolae_shop_advertising_works
          [nicolae_subvault_shop_adworks], grunt_ministairs_6,
          nicolae_underground_beach
D:3:      layout_loops_cross, minmay_surrounded

Notes
Turn   | Place    | Note
-------+----------+-------------------------------------------
     0 | D:1      | Sobieck the Kobold Gladiator began the quest for the Orb.
     0 | D:1      | Reached XP level 1. HP: 12/12 MP: 1/1
   153 | D:1      | Reached skill level 1 in Stealth
   240 | D:1      | Found a faded altar of an unknown god.
   343 | D:1      | Reached skill level 2 in Stealth
   405 | D:1      | Reached XP level 2. HP: 17/17 MP: 2/2
   578 | D:1      | Reached skill level 3 in Stealth
  1052 | D:2      | Found Foutaosidgh's Armour Emporium.
  1350 | D:2      | Reached XP level 3. HP: 21/21 MP: 3/3
  1403 | D:2      | Reached skill level 4 in Stealth
  2119 | D:3      | Reached XP level 4. HP: 26/26 MP: 4/4
  2161 | D:3      | Reached skill level 5 in Stealth
  2397 | D:3      | Killed from afar by an orc priest

Vanquished Creatures
  2 adders (D:3)
  A worm (D:2)
  3 dart slugs
  6 bats
  7 endoplasms
  3 giant cockroaches
  6 goblins
  4 hobgoblins
  2 jackals (D:3)
  2 quokkas (D:3)
  4 ball pythons
  3 frilled lizards
  6 kobolds
  2 rats
51 creatures vanquished.

Table legend:
 A = Non-vault XP
 B = Vault XP
 C = Vault XP percentage of total XP
 D = Non-vault monster count
 E = Vault monster count
 F = Vault count percentage of total count
                 A         B        C        D         E       F
            +---------+---------+-------+---------+---------+-------
      Total |     102 |      19 |  15.7 |      43 |       8 |  15.7
            +---------+---------+-------+---------+---------+-------
        D:1 |      22 |       0 |   0.0 |      13 |       0 |   0.0
        D:2 |      34 |       6 |  15.0 |      18 |       2 |  10.0
        D:3 |      46 |      13 |  22.0 |      12 |       6 |  33.3
            +---------+---------+-------+---------+---------+-------

Illustrated notes

Table legend:
 A = Kills in this place as a percentage of kills in entire the game.
 B = Kills by you in this place as a percentage of kills by you in the entire game.
 C = Kills by friends in this place as a percentage of kills by friends in the entire game.
 D = Other kills in this place as a percentage of other kills in the entire game.
 E = Experience gained in this place as a percentage of experience gained in the entire game.
 F = Experience gained in this place divided by the number of levels of this place that you have seen.
                   A       B       C       D       E      F
               +-------+-------+-------+-------+-------+----------------------
         Total | 100.0 | 100.0 |   N/A |   N/A | 100.0 |  40.3
       Dungeon | 100.0 | 100.0 |   N/A |   N/A | 100.0 |  40.3
               +-------+-------+-------+-------+-------+----------------------

Table legend: (Time is in decaauts)
 A = Elapsed time spent in this place.
 B = Non-inter-level travel time spent in this place.
 C = Inter-level travel time spent in this place.
 D = Time resting spent in this place.
 E = Time spent auto-exploring this place.
 F = Levels seen in this place.
 G = Mean time per level.
                   A        B        C        D        E       F      G
               +--------+--------+--------+--------+--------+-----+--------+
         Total |   2396 |   2333 |     63 |     38 |   1962 |   3 |  798.7 |
       Dungeon |   2396 |   2333 |     63 |     38 |   1962 |   3 |  798.7 |
               +--------+--------+--------+--------+--------+-----+--------+

Top non-repeatable levels by time:
     D:1: 1015 daAuts
     D:2: 971 daAuts
     D:3: 410 daAuts
